 Dungeon Crawl Stone Soup version 0.30.0 (webtiles) character file.

Game seed: 8511874708084639984

19357 Jarnaxa the Severer (level 12, -8/110 HPs)
             Began as a Minotaur Fighter on May 6, 2023.
             Was a High Priest of Makhleb.
             Mangled by an orc warlord
             ... wielding a +1 heavy battleaxe
              (22 damage)
             ... on level 10 of the Dungeon.
             The game lasted 00:30:43 (11475 turns).

Jarnaxa the Severer (Minotaur Fighter)             Turns: 11475, Time: 00:30:43

Health: -8/110     AC: 12    Str: 30    XL:     12   Next: 35%
Magic:  11/11      EV: 17    Int:  5    God:    Makhleb [*****.]
Gold:   1437       SH: 12    Dex: 16    Spells: 11/11 levels left

rFire   . . .        u - +3 broad axe
rCold   + + .        d - +0 kite shield
rNeg    . . .        b - +1 scale mail
rPois   .            (helmet restricted)
rElec   +            (no cloak)
rCorr   .            x - +0 pair of gloves
SInv    .            q - +0 pair of boots
Will    .....        t - amulet of Wu Jian's Delight {-Cast rElec rC++ Regen+}
Stlth   +            f - ring of the Barracuda {EV+5 Str+4}
HPRegen 1.18/turn    w - +6 ring of dexterity
MPRegen 0.12/turn

%: no spellcasting
@: hasted, very quick
A: horns 2, retaliatory headbutt
a: Renounce Religion, Minor Destruction, Lesser Servant of Makhleb, Major
Destruction, Greater Servant of Makhleb


You were on level 10 of the Dungeon.
You worshipped Makhleb.
Makhleb was extremely pleased with you.
You visited 3 branches of the dungeon, and saw 13 of its levels.

You collected 1437 gold pieces.

Inventory:

Hand Weapons
 a - a +3 morningstar
 u - a +3 broad axe (weapon)
Armour
 b - a +1 scale mail (worn)
 d - a +0 kite shield (worn)
 q - a +0 pair of boots (worn)
 x - a +0 pair of gloves (worn)
Jewellery
 f - the ring of the Barracuda (left hand) {EV+5 Str+4}
   (You acquired it on level 1 of the Dungeon)

   [ring of evasion]

   EV:        It affects your evasion (+5).
   Str:       It affects your strength (+4).
 h - a ring of protection from cold
 o - a ring of positive energy
 s - a ring of protection from cold
 t - the amulet of Wu Jian's Delight (around neck) {-Cast rElec rC++ Regen+}
   (You took it off a rakshasa on level 9 of the Dungeon)

   [amulet of regeneration]

   rC:        It greatly protects you from cold.
   rElec:     It insulates you from electricity.
   -Cast:     It prevents spellcasting.
   Regen:     It increases your rate of health regeneration.
 w - a +6 ring of dexterity (right hand)
 y - a ring of see invisible
 z - a ring of positive energy
Wands
 c - a wand of paralysis (18)
 p - a wand of digging (5)
Scrolls
 g - a scroll of identify
 j - a scroll of amnesia
 l - 5 scrolls of teleportation
Potions
 e - 2 potions of curing
 i - a potion of lignification
 k - 4 potions of magic
 m - 4 potions of flight
 B - a potion of invisibility
 C - 3 potions of brilliance
 E - a potion of ambrosia


   Skills:
 + Level 11.3 Fighting
 + Level 16.0 Axes
 + Level 1.6(10.5) Maces & Flails
 + Level 10.9 Armour
 + Level 5.6 Dodging
 + Level 1.6 Stealth
 + Level 9.9 Shields


You had 11 spell levels left.
You didn't know any spells.
Your spell library contained the following spells:

 Spells                   Type           Power      Damage    Failure   Level
 Apportation              Tloc           0%         N/A       83%         1
 Freeze                   Ice            0%         1d3       83%         1
 Magic Dart               Conj           0%         1d3       83%         1
 Call Imp                 Summ           0%         N/A       92%         2
 Sublimation of Blood     Necr           0%         N/A       92%         2
 Wereblood                Tmut           0%         N/A       92%         2
 Call Canine Familiar     Summ           0%         N/A       99%         3
 Frozen Ramparts          Ice            0%         1d1       99%         3
 Hailstorm                Conj/Ice       0%         3d3       99%         3
 Ignite Poison            Fire/Tmut/Pois 0%         N/A       99%         3
 Inner Flame              Hex/Fire       0%         N/A       99%         3
 Mephitic Cloud           Conj/Pois/Air  0%         N/A       99%         3
 Portal Projectile        Hex/Tloc       0%         N/A       99%         3
 Summon Guardian Golem    Hex/Summ       0%         N/A       99%         3
 Vhi's Electric Charge    Tloc/Air       0%         N/A       99%         3
 Flame Wave               Conj/Fire      0%         2d4       100%        4
 Leda's Liquefaction      Hex/Erth       0%         N/A       100%        4
 Sticky Flame             Conj/Fire      0%         2d3       100%        4
 Alistair's Intoxication  Tmut/Pois      0%         N/A       100%        5
 Arcjolt                  Conj/Air       0%         1d10      100%        5
 Plasma Beam              Fire/Air       0%         2x1d11    100%        6
 Orb of Destruction       Conj           0%         9d5       100%        7
 Spellforged Servitor     Conj/Summ      0%         N/A       100%        7
 Summon Hydra             Summ           0%         N/A       100%        7
 Ignition                 Fire           0%         3d3       100%        8


Dungeon Overview and Level Annotations

Branches:
Dungeon (11/15)            Temple (1/1) D:7            Lair (0/5) D:9
    Orc (1/2) D:10

Altars:
Ashenzari
Cheibriados
Dithmenos
Elyvilon
Fedhas
Gozag
Hepliaklqana
Kikubaaqudgha
Makhleb
Nemelex Xobeh
Okawaru
Qazlal
Ru
Sif Muna
Uskayaw
Vehumet
Wu Jian
Xom
Yredelemnul
Zin
The Shining One

Shops:
D:10 *

Annotations:
D:4 1 runed translucent door


Innate Abilities, Weirdness & Mutations

You have a pair of horns on your head.
You reflexively headbutt those who attack you in melee.


Message History

The ogre misses you. The orc misses you. You furiously retaliate!
You headbutt the orc!
You kill the orc!
Makhleb accepts your kill.
You feel better.
You slash the orc warlord!
The orc warlord is lightly wounded.
You slash the troll! You slash the warg!
You hit the orc warrior but do no damage.
You slash the orc warrior! You slash the ogre!
The warg bites you but does no damage. The orc warlord barely misses you.
You barely miss the orc warlord.
The orc warlord is lightly wounded.
You hit the ogre. You barely miss the troll. You hit the warg but do no damage.
You hit the orc warrior but do no damage.
You slash the orc warrior! The warg completely misses you.
You furiously retaliate!
You headbutt the warg!
You kill the warg!
Makhleb accepts your kill.
You feel better. You block the orc warrior's attack. The troll bites you!
* * * LOW HITPOINT WARNING * * *
The troll claws you.
* * * LOW HITPOINT WARNING * * *
You block the troll's attack. The orc warrior barely misses you.
You closely miss the orc warlord.
The orc warlord is lightly wounded.
You hit the ogre.
You kill the ogre!
Makhleb accepts your kill.
You hit the troll but do no damage. You hit the orc warrior.
You closely miss the orc warrior. You barely miss the troll.
Your headbutt misses the troll.
The troll is moderately wounded.
You hit the orc warrior but do no damage.
You closely miss the orc warlord.
You hit the orc warrior but do no damage.
The troll misses you. You furiously retaliate!
You headbutt the troll!
You block the troll's attack. x2; The orc warrior barely misses you.
The orc warlord hits you with a +1 heavy battleaxe!!
You die...

##..##................#####..#
#[####.................∩....#
#.#####...##.........#####..#
#[[[#.##..##..............#.#
#)#)[#.##.#..........####....
#.#....####..........# ###..
##.#....#.######......# #....
#..#......8#oT†#......# #.#..
#.....)....')@o#......####....
##.##.....#8#).o#.....###...##.
#...#......######..........###.
#...#....#####..###.......## #.
#...#...###.#...# #####...####.
#.....#.##....#.# #..#.##...
#....######.##..# #.##......
#...##### #....## #.###...#.
#...###.# ##..## ###.###...#.


You could see an orc warlord, a troll and 2 orc warriors.

Vanquished Creatures
  A rakshasa (D:9)
  A hydra (D:9)
  A boulder beetle (D:9)
  3 two-headed ogres
  Urug (D:11)
  The ghost of Mysteryquy the Cleaver, a novice MiBe of Trog (D:7)
  Amaemon (D:11)
  A glowing orange brain (D:9)
  A deep elf zephyrmancer (D:9)
  2 deep elf pyromancers (D:9)
  A manticore (D:9)
  An ugly thing (D:11)
  An unseen horror (D:11)
  An orange demon (D:11)
  Psyche (D:11)
  A troll (D:9)
  A hornet (D:7)
  Grinder (D:6)
  Sigmund (D:6)
  2 wraiths
  2 shadows (D:10)
  11 yaks
  6 steam dragons
  A wyvern (D:9)
  A vampire mosquito (D:9)
  Menkaure (D:5)
  2 water moccasins
  A warg (D:10)
  3 acid dragons
  6 orc warriors
  2 sky beasts (D:7)
  2 ice beasts
  The ghost of ciphuk the Chiller, an amateur NaIE of Makhleb (D:4)
  3 centaurs
  5 ogres
  A phantom (D:5)
  Blork the orc (D:4)
  3 kobold brigands
  3 bullfrogs
  A gnoll sergeant (D:9)
  3 scorpions
  23 wights
  12 killer bees
  The ghost of MacCMillion the Shooter, a weakling DgHu (D:3)
  2 electric eels (D:8)
  10 howler monkeys
  A crimson imp (D:5)
  An iron imp (D:3)
  3 hounds
  A jelly (D:6)
  13 orc priests
  Ijyb (D:5)
  2 iguanas (D:5)
  A scorpion zombie (D:3)
  19 orc wizards
  5 gnolls (D:9)
  7 adders
  A white imp (D:6)
  A howler monkey simulacrum (D:9)
  An ufetubus (D:4)
  3 worms (D:4)
  2 dart slugs
  67 orcs
  6 endoplasms
  4 giant cockroaches
  7 goblins
  6 hobgoblins
  2 jackals (D:3)
  A quokka (D:4)
  7 ball pythons
  7 bats
  5 frilled lizards
  A giant cockroach zombie (D:3)
  18 kobolds
  6 rats
330 creatures vanquished.

Vanquished Creatures (others)
  An orc warrior (Orc:1)
  An orc wizard (D:9)
  2 orcs
  4 fungi (D:7)
  25 plants
33 creatures vanquished.

Grand Total: 363 creatures vanquished

Notes
Turn   | Place    | Note
-------+----------+-------------------------------------------
     0 | D:1      | Jarnaxa the Minotaur Fighter began the quest for the Orb.
     0 | D:1      | Reached XP level 1. HP: 19/19 MP: 0/0
   140 | D:1      | Reached XP level 2. HP: 24/27 MP: 1/1
   660 | D:1      | Identified a scroll of acquirement
   660 | D:1      | Acquired the ring of the Barracuda {EV+5 Str+4}
   708 | D:2      | Reached XP level 3. HP: 34/34 MP: 2/2
   770 | D:2      | Reached skill level 3 in Axes
  1077 | D:2      | Found a faded altar of an unknown god.
  1412 | D:3      | Reached XP level 4. HP: 41/41 MP: 3/3
  1463 | D:3      | Found a runed translucent gate.
  1463 | D:3      | Found a runed translucent gate.
  1463 | D:3      | Found a runed translucent gate.
  1463 | D:3      | Noticed MacCMillion's ghost (weakling DgHu)
  1470 | D:3      | Found a basalt altar of Yredelemnul.
  1478 | D:3      | Reached skill level 5 in Fighting
  1496 | D:3      | Killed MacCMillion's ghost
  1497 | D:3      | Reached skill level 4 in Axes
  1497 | D:3      | Reached XP level 5. HP: 40/48 MP: 4/4
  1554 | D:3      | Found a shadowy altar of Dithmenos.
  1607 | D:3      | Found a snail-covered altar of Cheibriados.
  1969 | D:4      | Found a runed translucent door.
  1975 | D:4      | Reached skill level 5 in Axes
  2008 | D:4      | Noticed ciphuk's ghost (amateur NaIE)
  2035 | D:4      | Found a runed translucent door.
  2039 | D:4      | Noticed Blork the orc
  2047 | D:4      | Killed Blork the orc
  2048 | D:4      | Reached XP level 6. HP: 52/57 MP: 5/5
  2089 | D:4      | Killed ciphuk's ghost
  2090 | D:4      | Reached skill level 1 in Dodging
  2449 | D:4      | Reached skill level 6 in Axes
  2696 | D:4      | Reached skill level 5 in Armour
  2892 | D:5      | Entered Level 5 of the Dungeon
  2892 | D:5      | Noticed a water moccasin
  2900 | D:5      | Killed a water moccasin
  2901 | D:5      | Reached XP level 7. HP: 52/63 MP: 6/6
  2951 | D:5      | Reached skill level 7 in Axes
  2957 | D:5      | Noticed Ijyb
  2963 | D:5      | Paralysed by Ijyb for 3 turns
  2970 | D:5      | Killed Ijyb
  3063 | D:5      | Found a shimmering blue altar of Sif Muna.
  3347 | D:5      | Reached XP level 8. HP: 68/71 MP: 7/7
  3348 | D:5      | Reached skill level 8 in Axes
  3377 | D:5      | Found a radiant altar of Vehumet.
  3380 | D:5      | Found a burning altar of Makhleb.
  3388 | D:5      | Became a worshipper of Makhleb the Destroyer
  3415 | D:5      | Noticed Menkaure
  3418 | D:5      | Killed Menkaure
  3419 | D:5      | Reached skill level 5 in Shields
  3816 | D:6      | Found a sacrificial altar of Ru.
  3846 | D:6      | Noticed Grinder
  3851 | D:6      | Killed Grinder
  3852 | D:6      | Reached skill level 9 in Axes
  4128 | D:6      | Noticed Sigmund
  4146 | D:6      | Killed Sigmund
  4147 | D:6      | Reached skill level 10 in Axes
  4147 | D:6      | Reached XP level 9. HP: 64/79 MP: 8/8
  4360 | D:6      | Found a hazy altar of Hepliaklqana.
  4793 | D:7      | Found an opulent altar of Gozag.
  4795 | D:7      | Found a blossoming altar of Fedhas.
  4985 | D:7      | Found a transporter.
  4986 | D:7      | Found a transporter.
  4987 | D:7      | Noticed Mysteryquy's ghost (novice MiBe)
  5056 | D:7      | Reached skill level 11 in Axes
  5059 | D:7      | Reached * piety under Makhleb
  5463 | D:7      | Found a sparkling altar of Nemelex Xobeh.
  5491 | D:7      | Found a staircase to the Ecumenical Temple.
  5582 | D:7      | Found a glowing golden altar of the Shining One.
  5671 | Temple   | Entered the Ecumenical Temple
  6411 | D:8      | Found an ornate altar of the Wu Jian Council.
  6542 | D:8      | Noticed a two-headed ogre
  6551 | D:8      | Killed a two-headed ogre
  6552 | D:8      | Reached skill level 12 in Axes
  6552 | D:8      | Reached XP level 10. HP: 82/88 MP: 9/9
  6696 | D:8      | Reached ** piety under Makhleb
  7187 | D:9      | Reached *** piety under Makhleb
  7329 | D:9      | Reached skill level 13 in Axes
  7330 | D:9      | Reached skill level 1 in Stealth
  7356 | D:9      | Found a staircase to the Lair.
  7436 | D:9      | Noticed a two-headed ogre
  7442 | D:9      | Killed a two-headed ogre
  7469 | D:9      | Noticed a deep elf pyromancer
  7480 | D:9      | Killed a deep elf pyromancer
  7481 | D:9      | Reached skill level 14 in Axes
  7481 | D:9      | Reached XP level 11. HP: 66/97 MP: 10/10
  7791 | D:9      | Noticed a glowing orange brain
  7799 | D:9      | Killed a glowing orange brain
  7817 | D:9      | Identified the amulet of Wu Jian's Delight {-Cast rElec
                  | rC++ Regen+}
  7817 | D:9      | Noticed a rakshasa
  7828 | D:9      | Killed a rakshasa
  8201 | D:9      | Noticed a boulder beetle
  8215 | D:9      | Killed a boulder beetle
  8216 | D:9      | Reached skill level 10 in Fighting
  8323 | D:9      | Noticed an eight-headed hydra
  8341 | D:10     | Entered Level 10 of the Dungeon
  8374 | D:10     | Reached **** piety under Makhleb
  8400 | D:10     | Found a staircase to the Orcish Mines.
  8425 | D:10     | Reached skill level 15 in Axes
  8533 | D:10     | Found Jopseefery's Assorted Antiques.
  8643 | D:10     | Noticed a two-headed ogre
  8651 | D:10     | Killed a two-headed ogre
  8652 | D:10     | Reached skill level 5 in Dodging
  9103 | D:11     | Noticed Amaemon
  9127 | D:11     | Killed Amaemon
  9134 | D:11     | Reached skill level 10 in Armour
  9533 | D:11     | Noticed a red ugly thing
  9546 | D:11     | Killed a red ugly thing
  9667 | D:11     | Noticed Psyche
  9742 | D:11     | Killed Psyche
  9959 | D:11     | Noticed Urug
  9975 | D:11     | Killed Urug
  9976 | D:11     | Reached XP level 12. HP: 58/108 MP: 11/11
 10600 | D:9      | Noticed an eight-headed hydra
 10808 | D:7      | Reached ***** piety under Makhleb
 10827 | D:7      | Killed Mysteryquy's ghost
 10968 | D:7      | Acquired 671 gold pieces
 11110 | D:9      | Killed an eight-headed hydra
 11205 | D:9      | Reached skill level 16 in Axes
 11205 | D:9      | Reached skill level 1 in Maces & Flails
 11461 | Orc:1    | Entered Level 1 of the Orcish Mines
 11461 | Orc:1    | Noticed an orc warlord
 11475 | D:10     | Mangled by an orc warlord

Illustrated notes

Levels and vault maps discovered:
D:1:      dpeg_arrival_snail, layout_basic, minmay_ruptured
D:2:      layout_basic, chequers_ecumenical_altar_twisty, st_stairs_14
D:3:      layout_basic, slow_altar_1, nicolae_yredelemnul_ghost_church,
          grunt_dithmenos_smoke_and_mirrors
D:4:      layout_loops_cross, ebering_ghost_sewer_f, uniq_blork_the_orc
D:5:      layout_loops_ring, nicolae_overflow_crystal_walls,
          grunt_temple_overflow_lords_of_destruction, uniq_menkaure, uniq_ijyb
D:6:      layout_cave_pods, nicolae_hepliaklqana_hazy_memory,
          nicolae_overflow_hidden_temple, uniq_grinder, uniq_sigmund
D:7:      layout_cave_pools, fedhas_altar_3, marbit_many_paths,
          mainiacjoe_overflow_alcove_1, nemelex_dance_club_becter,
          minmay_temple_entry_enclosed_plants, gammafunk_ghost_hive
D:8:      layout_gridville, nzn_wu_jian_contemplation, serial_bayou_lake_a
D:9:      nzn_winding_woodlands_large [nzn_winding_woodlands_5x5_checkerboard,
          nzn_winding_woodlands_5x15_garden,
          nzn_winding_woodlands_5x5_open_star,
          nzn_winding_woodlands_center_triple_pond,
          nzn_winding_woodlands_15x15_boxy_spiral,
          nzn_winding_woodlands_center_lodge, nzn_winding_woodlands_5x5_three,
          nzn_winding_woodlands_5x15_pockets,
          nzn_winding_woodlands_5x5_default], layout_cave_pools,
          kennysheep_nondescript
D:10:     layout_rooms, hiddenorc1_lemuel, serial_shops, shop,
          wad_woods_river_04
D:11:     layout_loops_ring, uniq_urug, uniq_psyche, uniq_amaemon
Temple:   nicolae_temple_bog_church
Orc:1:    layout_caves

Skill      XL: |  1  2  3  4  5  6  7  8  9 10 11 12 |
---------------+-------------------------------------+-----
Fighting       | 4 5 6 7 8 9 10 11 | 11.3
Axes           | 3 4 5 6 7 10 12 14 15 16 | 16.0
Armour         | 4 5 6 8 9 10 | 10.9
Shields        | 4 5 6 7 9 |  9.9
Dodging        | 1 2 3 4 5 |  5.6
Stealth        | 1 |  1.6
Maces & Flails | 1 |  1.6

Action                     |  1- 3 |  4- 6 |  7- 9 | 10-12 || total
---------------------------+-------+-------+-------+-------++-------
  Melee: War axe           |    75 |   102 |   211 |   344 ||   732
         Headbutt          |     9 |    16 |    32 |    83 ||   140
         Unarmed           |       |       |       |     2 ||     2
         Broad axe         |       |       |       |    60 ||    60
         Morningstar       |       |       |       |    23 ||    23
    Use: Scroll            |     6 |     8 |     3 |    10 ||    27
         Potion            |       |     2 |     2 |     9 ||    13
 Armour: Scale mail        |    32 |    25 |    43 |   122 ||   222
         Skin              |       |       |       |     2 ||     2
  Dodge: Dodged            |    37 |    61 |   127 |   269 ||   494
  Block: Buckler           |     9 |    15 |       |       ||    24
         Kite shield       |       |    10 |    93 |   243 ||   346
